 Dungeon Crawl Stone Soup version 0.28-a0-580-ga2639ab843 (webtiles) character file.

Game seed: 14823059711932829028

345 iamoutofideas the Cleaver (level 6, -4/50 HPs)
             Began as a Hill Orc Gladiator on Oct 3, 2021.
             Was a Believer of Makhleb.
             Slain by Pikel (8 damage)
             ... on level 3 of the Dungeon.
             The game lasted 00:06:18 (4814 turns).

iamoutofideas the Cleaver (Hill Orc Gladiator)      Turns: 4814, Time: 00:06:18

Health: -4/50      AC:  8    Str: 19    XL:     6   Next: 58%
Magic:  6/6        EV: 12    Int:  8    God:    Makhleb [**....]
Gold:   125        SH:  0    Dex: 18    Spells: 5/5 levels left

rFire   . . .      SeeInvis .   a - +0 war axe
rCold   + . .      Faith    .   (no shield)
rNeg    . . .      Spirit   .   l - +1 leather armour {rC+}
rPois   .          Reflect  .   c - +0 helmet
rElec   .          Harm     .   (no cloak)
rCorr   .          Rampage  .   (no gloves)
Will    .....                   f - +2 pair of boots
Stlth   +.........              (no amulet)
HPRegen 0.16/turn               h - +6 ring of dexterity
MPRegen 0.10/turn               (no ring)

@: mighty
A: no striking features
a: Renounce Religion, Minor Destruction


You were on level 3 of the Dungeon.
You worshipped Makhleb.
Makhleb was pleased with you.
You visited 1 branch of the dungeon, and saw 4 of its levels.

You collected 251 gold pieces.
You spent 126 gold pieces at shops.

Inventory:

Hand Weapons
 a - a +0 war axe (weapon)
Missiles
 d - 3 throwing nets (quivered)
Armour
 b - a +0 leather armour
 c - a +0 helmet (worn)
 f - a +2 pair of boots (worn)
 l - a +1 leather armour of cold resistance (worn)
Jewellery
 h - a +6 ring of dexterity (left hand)
Scrolls
 e - a scroll of teleportation {unknown}
 g - 2 scrolls of identify {unknown}
 i - 2 scrolls of enchant armour
 j - a scroll of acquirement {unknown}
 k - 2 scrolls of fear {unknown}
 m - a scroll of noise {unknown}
 n - a scroll of holy word {unknown}


   Skills:
 - Level 2.6 Fighting
 + Level 9.1 Axes
 - Level 1.9 Throwing
 - Level 2.7 Dodging


You had 5 spell levels left.
You didn't know any spells.
Your spell library contained the following spells:

 Spells                   Type           Power      Damage    Failure   Level
 Static Discharge         Conj/Air       0%         N/A       61%         2
 Lightning Bolt           Conj/Air       0%         1d11      100%        5
 Maxwell's Capacitive Co  Air            0%         ∞         100%        8


Dungeon Overview and Level Annotations

Branches:
Dungeon (4/15)             Temple (0/1) D:4

Altars:
Ashenzari
Dithmenos
Fedhas
Makhleb
Okawaru

Shops:
D:4 *:

Annotations:
D:3 exclusion: downstairs, Pikel


Message History

Pikel burns you. The lemure barely misses you.
You hit Pikel.
Pikel is lightly wounded.
You hit the lemure.
Pikel hits you with a +2 whip of flaming!
Pikel burns you. The lemure hits you.
You slash Pikel!
Pikel is heavily wounded.
You barely miss the lemure. Pikel closely misses you.
The lemure closely misses you.
You barely miss the lemure.
The lemure is almost dead.
You hit Pikel.
Pikel hits you with a +2 whip of flaming.
Pikel burns you.
* * * LOW HITPOINT WARNING * * *
The lemure closely misses you.
You feel very mighty all of a sudden. Pikel closely misses you.
The lemure completely misses you.
Unknown command.
You barely miss Pikel.
Pikel is severely wounded.
You slash the lemure!
You kill the lemure!
That felt strangely unrewarding.
Pikel hits you with a +2 whip of flaming.
* * * LOW HITPOINT WARNING * * *
Pikel burns you.
* * * LOW HITPOINT WARNING * * *
You hit Pikel.
Pikel is almost dead.
Pikel hits you with a +2 whip of flaming.
* * * LOW HITPOINT WARNING * * *
Pikel burns you.
* * * LOW HITPOINT WARNING * * *
You closely miss Pikel.
Pikel is almost dead.
Pikel barely misses you.
Pikel hits you with a +2 whip of flaming!
You die...

##### ....# ....#
....# ....# ....#
##### ....# #...#
....# #..K# ....#
#..@# ....#
#####...#
.#########.......#
...........##....#
.......<.###.....#
.......).....#...#
.....).).#.#######
###...##...#
#)#.#.###..#


You could see Pikel.

Vanquished Creatures
  2 lemures (D:3)
  A bullfrog (D:3)
  An orc priest (D:3)
  A hound skeleton (D:4)
  4 gnolls (D:3)
  9 adders
  3 dart slugs
  8 orcs
  7 endoplasms
  6 giant cockroaches
  6 goblins
  11 hobgoblins
  10 jackals
  5 quokkas
  15 ball pythons
  4 bats
  2 frilled lizards (D:1)
  9 kobolds
  4 rats
108 creatures vanquished.

Vanquished Creatures (others)
  18 plants (D:1)
18 creatures vanquished.

Grand Total: 126 creatures vanquished

Notes
Turn   | Place    | Note
-------+----------+-------------------------------------------
     0 | D:1      | iamoutofideas the Hill Orc Gladiator began the quest for
                  | the Orb.
     0 | D:1      | Reached XP level 1. HP: 18/18 MP: 1/1
   120 | D:1      | Reached XP level 2. HP: 25/25 MP: 2/2
   446 | D:1      | Reached XP level 3. HP: 27/30 MP: 3/3
   487 | D:1      | Reached skill level 5 in Axes
  1366 | D:2      | Found a faded altar of an unknown god.
  1464 | D:2      | Became a worshipper of Makhleb the Destroyer
  1464 | D:2      | Reached * piety under Makhleb
  1571 | D:2      | Reached XP level 4. HP: 33/37 MP: 4/4
  1609 | D:2      | Reached skill level 6 in Axes
  2104 | D:2      | Reached XP level 5. HP: 42/42 MP: 5/5
  2203 | D:2      | Reached ** piety under Makhleb
  2348 | D:2      | Reached skill level 7 in Axes
  3350 | D:3      | Reached skill level 8 in Axes
  3366 | D:3      | Reached XP level 6. HP: 16/50 MP: 6/6
  3591 | D:3      | Found an iron altar of Okawaru.
  3632 | D:3      | Found a shadowy altar of Dithmenos.
  3928 | D:4      | Reached skill level 9 in Axes
  3931 | D:4      | Found a broken altar of Ashenzari.
  3964 | D:4      | Found Vashresti's Book Boutique.
  3978 | D:4      | Noticed Pikel
  3986 | D:4      | Found a blossoming altar of Fedhas.
  4258 | D:4      | Found a staircase to the Ecumenical Temple.
  4279 | D:4      | Found Teagh's General Store.
  4297 | D:4      | Bought a potion of might for 44 gold pieces
  4297 | D:4      | Bought a scroll of enchant armour for 82 gold pieces
  4814 | D:3      | Slain by Pikel

Illustrated notes

Levels and vault maps discovered:
D:1:      dpeg_arrival_shrine, layout_loops_ring, serial_bayou,
          serial_bayou_pond_e, serial_bayou_pond_c, serial_bayou_lake_a,
          serial_bayou_lagoon_a, serial_bayou_ford_a, serial_bayou_pond_b
D:2:      minmay_spotlight, layout_loops_ring,
          shapermc_ecumenical_altar_starsandcircs, minmay_snake_closets
D:3:      layout_rooms, okawaru_trees_1, grunt_dithmenos_smoke_and_mirrors,
          minmay_starry_boxes
D:4:      layout_cave_pods, lemuel_tele_altar, mainiacjoe_overflow_brackets,
          minmay_temple_entry_tees, serial_shops, nicolae_diamond_shop, shop,
          minmay_fractal_squares_gapless_5, uniq_pikel

Skill      XL: |  1  2  3  4  5  6 |
---------------+-------------------+-----
Axes           | 5 6 8 9 |  9.1
Fighting       | |  2.6
Throwing       | |  1.9
Dodging        | |  2.7

Action                   |  1- 3 |  4- 6 || total
-------------------------+-------+-------++-------
Melee: War axe           |    97 |   197 ||   294
  Use: Potion            |       |     4 ||     4
       Scroll            |       |     2 ||     2
 Stab: Sleeping          |     1 |     5 ||     6
Armor: Leather armour    |    30 |    90 ||   120
Dodge: Dodged            |    69 |   145 ||   214

Table legend: (Time is in decaauts)
 A = Elapsed time spent in this place.
 B = Non-inter-level travel time spent in this place.
 C = Inter-level travel time spent in this place.
 D = Time resting spent in this place.
 E = Time spent auto-exploring this place.
 F = Levels seen in this place.
 G = Mean time per level.
                   A        B        C        D        E       F      G
               +--------+--------+--------+--------+--------+-----+--------+
         Total |   4934 |   4842 |     92 |    969 |   3033 |   4 | 1233.5 |
       Dungeon |   4934 |   4842 |     92 |    969 |   3033 |   4 | 1233.5 |
               +--------+--------+--------+--------+--------+-----+--------+

Top non-repeatable levels by time:
     D:2: 1922 daAuts
     D:1: 1361 daAuts
     D:3: 913 daAuts
     D:4: 737 daAuts
